 Dungeon Crawl Stone Soup version 0.18.1-50-g88ac8fd (webtiles) character file.

336 Huivn the Skirmisher (level 6, -6/50 HPs)
             Began as a Demonspawn Abyssal Knight on Oct 26, 2016.
             Was a Priest of Lugonu.
             Killed by divine providence
             ... invoked by an orc priest
              (10 damage)
             ... on level 4 of the Dungeon.
             The game lasted 00:32:58 (3863 turns).

Huivn the Skirmisher (Demonspawn Abyssal Knight)    Turns: 3863, Time: 00:32:58

Health: -6/50      AC: 19    Str: 13 (14) XL:     6   Next: 28%
Magic:  8/8        EV: 14    Int: 13      God:    Lugonu [***...]
Gold:   65         SH:  0    Dex: 18      Spells: 0 memorised, 5 levels left

rFire  + . .     SeeInvis .     a - +2 hand axe
rCold  . . .     Gourm    .     p - +2 scale mail {rF+}
rNeg   . . .     Faith    .     (no shield)
rPois  .         Spirit   .     m - +2 hat
rElec  .         Dismiss  .     j - +1 cloak
rCorr  .         Reflect  .     (no gloves)
SustAt .         Harm     .     b - +2 pair of boots
MR     .....                    (no amulet)
Stlth  +++.......               (no ring)
                                (no ring)

@: confused, agile, not resistant to hostile enchantments, fairly stealthy
A: molten scales 2, nightstalker 2
a: Depart the Abyss, Bend Space, Banish, Renounce Religion


You were on level 4 of the Dungeon.
You worshipped Lugonu.
Lugonu was most pleased with you.
You were not hungry.

You visited 2 branches of the dungeon, and saw 5 of its levels.
You visited the Abyss 1 time.

You collected 161 gold pieces.
You spent 96 gold pieces at shops.

Inventory:

Hand Weapons
 a - a +2 hand axe (weapon)
Missiles
 h - 6 javelins (quivered)
 l - 4 javelins of penetration
Armour
 b - a +2 pair of boots (worn)
 j - a +1 cloak (worn)
 m - a +2 hat (worn)
 p - a +2 scale mail of fire resistance (worn)
Wands
 f - a wand of heal wounds (4/9)
Scrolls
 g - a scroll of identify
 i - 2 scrolls of fog
 n - a scroll of enchant weapon
 o - a scroll of remove curse
Potions
 k - 2 potions of agility
Comestibles
 c - a bread ration
 d - 4 meat rations


   Skills:
 + Level 4.8 Fighting
 + Level 3.3 Axes
 + Level 0.1 Throwing
 + Level 3.4 Armour
 + Level 1.7 Dodging
 + Level 0.2 Stealth
 + Level 2.9 Invocations


You had 5 spell levels left.
You didn't know any spells.

Dungeon Overview and Level Annotations

Branches:
Dungeon (4/15)             Temple (1/1) D:4

Altars:
Ashenzari
Fedhas
Makhleb
Nemelex Xobeh
Okawaru
Qazlal
Ru
Sif Muna
Vehumet
Yredelemnul
Zin
The Shining One

Shops:
D:4 [


Innate Abilities, Weirdness & Mutations

You are mostly covered in molten scales (AC +3, EV -1).
You are significantly more attuned to the shadows.


Message History

Something hits you but does no damage.
You see here an adder corpse.
The orc priest calls down the wrath of Beogh upon you.
Beogh smites you!
* * * LOW HITPOINT WARNING * * *
You hear some strange, mumbled words.
You are confused.
You bump into the rock wall.
Drink which item? (? for menu, Esc to quit)
You feel agile all of a sudden.
You're too confused!
You're too confused!
Something hits you but does no damage. Something hits you but does no damage.
You bump into the rock wall.
The orc hits you but does no damage. Something barely misses you.
The orc priest barely misses you.
You bump into the rock wall.
The orc misses you. Something barely misses you.
The orc priest calls down the wrath of Beogh upon you.
Beogh smites you!
You die...

#. ######...#####...[... #
#.†.# ###..#.. #...#
####..#.. #...# #........
#...####.##..#.#
##..............
####........#.....
##o##.####...#(....
#.@o....##..##'##..
#######.##.#.##.##P.P##.
#..<....##.#....#P...P##
####.########......#P.>.P#
#.......# #####.##P...P#
#.##.##.# #####.###PPP##
#.##.##.# #.......######
#.##.##.#
###.###.####...##
#>##.##.#
#....†#.###......


You could see an orc priest and an orc.

Vanquished Creatures
  A hound (D:4)
  Ijyb (D:2)
  4 worker ants (D:4)
  6 gnolls (D:3)
  4 adders
  4 oozes
  A worm (D:2)
  2 dart slugs
  2 giant geckos
  An orc (D:4)
  3 giant cockroaches
  6 goblins
  7 hobgoblins
  4 jackals (D:3)
  2 quokkas
  9 bats
  A giant gecko skeleton (D:4)
  5 giant newts
  3 kobolds
  8 rats
74 creatures vanquished.

Notes
Turn   | Place    | Note
--------------------------------------------------------------
     0 | Abyss:1  | Huivn the Demonspawn Abyssal Knight began the quest for the Orb.
     0 | Abyss:1  | Reached XP level 1. HP: 18/18 MP: 2/2
    12 | Abyss:1  | Found an iron altar of Okawaru.
    23 | D:1      | Escaped the Abyss
   197 | D:1      | Gained mutation: You are partially covered in molten scales (AC +1). [demonic ancestry]
   197 | D:1      | Reached XP level 2. HP: 18/24 MP: 3/3
  1207 | D:2      | Reached XP level 3. HP: 17/29 MP: 5/5
  1402 | D:2      | Reached ** piety under Lugonu
  1521 | D:2      | Reached skill level 1 in Dodging
  1601 | D:2      | Noticed Ijyb
  1615 | D:2      | Killed Ijyb
  1615 | D:2      | Reached skill level 4 in Fighting
  1615 | D:2      | Gained mutation: You are mostly covered in molten scales (AC +3, EV -1). [demonic ancestry]
  1615 | D:2      | Reached XP level 4. HP: 36/37 MP: 6/6
  2106 | D:3      | Gained mutation: You are slightly more attuned to the shadows. [demonic ancestry]
  2106 | D:3      | Reached XP level 5. HP: 42/42 MP: 7/7
  2289 | D:3      | Found a faded altar to an unknown god.
  2821 | D:3      | Reached *** piety under Lugonu
  3220 | D:4      | Found a staircase to the Ecumenical Temple.
  3229 | Temple   | Entered the Ecumenical Temple
  3588 | D:4      | Gained mutation: You are significantly more attuned to the shadows. [demonic ancestry]
  3588 | D:4      | Reached XP level 6. HP: 49/49 MP: 8/8
  3595 | D:4      | Found Copnonug's Antique Armour Emporium.
  3607 | D:4      | Bought a shiny scale mail for 96 gold pieces
  3863 | D:4      | Killed from afar by an orc priest

Skill      XL: |  1  2  3  4  5 |
---------------+----------------+-----
Axes           | 2 3 |  3.3
Armour         | 2 3 |  3.4
Dodging        | 1 |  1.7
Fighting       | 4 |  4.8
Throwing       | |  0.1
Stealth        | |  0.2
Invocations    | |  2.9

Action                   |  1- 3 |  4- 6 || total
-------------------------+-------+-------++-------
Melee: Hand axe          |    88 |   252 ||   340
Throw: Javelin           |       |     1 ||     1
Invok: Bend Space        |       |     1 ||     1
  Use: Potion            |     5 |     7 ||    12
       Scroll            |     4 |     6 ||    10
  Eat: Pizza             |     1 |     1 ||     2
       Bread ration      |     1 |     1 ||     2
Armor: Leather armour    |    19 |       ||    19
       Chain mail        |    29 |   172 ||   201
       Skin              |       |     4 ||     4
       Scale mail        |       |    32 ||    32
Dodge: Dodged            |    42 |    90 ||   132
